 Dungeon Crawl Stone Soup version 0.18.1-48-g4cf74bf (webtiles) character file.

394 Heedrag the Covert (level 7, -2/40 HPs)
             Began as a Kobold Assassin on Aug 4, 2016.
             Slain by an ogre
             ... wielding a +0 giant club
              (20 damage)
             ... on level 4 of the Dungeon.
             The game lasted 00:10:03 (3766 turns).

Heedrag the Covert (Kobold Assassin)                Turns: 3766, Time: 00:10:04

Health: -2/40      AC:  7    Str: 10    XL:     7   Next: 8%
Magic:  7/7        EV: 14    Int: 14    God:
Gold:   147        SH:  0    Dex: 18    Spells: 0 memorised, 6 levels left

rFire  . . .     SeeInvis .     b - +0 blowgun
rCold  . . .     Gourm    .     c - +0 robe
rNeg   . . .     Faith    .     (shield restricted)
rPois  .         Spirit   .     m - +0 helmet
rElec  .         Dismiss  .     d - +0 cloak
rCorr  .         Reflect  .     h - +0 pair of gloves
SustAt .         Harm     .     C - +1 pair of boots
MR     .....                    (no amulet)
Stlth  +++++.....               (no ring)
                                r - +4 ring of intelligence

@: not resistant to hostile enchantments, quite stealthy
A: carnivore 3
a: no special abilities


You were on level 4 of the Dungeon.
You were completely stuffed.

You visited 2 branches of the dungeon, and saw 5 of its levels.

You collected 147 gold pieces.

Inventory:

Hand Weapons
 a - a +2 dagger
 b - a +0 blowgun (weapon)
 k - a +0 dagger of flaming
 v - a cursed -1 dagger
Missiles
 e - 12 poisoned needles (quivered)
Armour
 c - a +0 robe (worn)
 d - a +0 cloak (worn)
 h - a +0 pair of gloves (worn)
 m - a +0 helmet (worn)
 s - a +2 chain mail of magic resistance
 C - a +1 pair of boots (worn)
Jewellery
 r - a +4 ring of intelligence (left hand)
Wands
 x - a wand of iceblast (8/15)
Scrolls
 i - 5 scrolls of identify {unknown}
 o - 2 scrolls of random uselessness {unknown}
 p - a scroll of fear {unknown}
 q - a scroll of noise {unknown}
 t - 3 scrolls of remove curse {unknown}
 u - a scroll of blinking {unknown}
 y - 3 scrolls of teleportation {unknown}
 B - a scroll of immolation {unknown}
 D - a scroll of enchant armour {unknown}
Potions
 w - a potion of flight {unknown}
 E - a potion of heal wounds
Comestibles
 g - 6 meat rations
 j - 6 fruits
 l - a slice of pizza
 n - 2 beef jerkies
 z - a royal jelly
 A - 4 chunks of flesh


   Skills:
 - Level 2.1 Fighting
 + Level 5.9 Short Blades
 - Level 2.1 Throwing
 - Level 1.2 Dodging
 * Level 9.4 Stealth


You had 6 spell levels left.
You didn't know any spells.

Dungeon Overview and Level Annotations

Branches:
Dungeon (4/15)             Temple (1/1) D:4

Altars:
Ashenzari
Cheibriados
Gozag
Kikubaaqudgha
Sif Muna
Trog
Vehumet
Xom
Yredelemnul
Zin

Annotations:
D:3 Heedrag's ghost, novice KoAs


Innate Abilities, Weirdness & Mutations

You are small and have problems with some larger weapons.
You are carnivorous and can eat meat at any time.


Message History

Tha bat be severely wounded.
Tha bat barely misses ye.
Tha bat hits ye but does nay damage.
Tha bat misses ye.
Tha bat hits ye but does nay damage.
Ye kill tha bat!
Qui'er which item? (- fer none, * ta show all) (? fer menu, 'sc ta quit) Quiverin'
f - 2 curare-tipped needles fer blowguns.
Firin' (i - inventory. (,) - cycle):
f - 2 curare-tipped needles (quiv'red)
Press: ? - help, Shift-Dir - straight line, f/p - ogre
Aim: an ogre, wieldin' a giant club (heavily wounded) Ye shoot a curare-tipped needle.
Tha curare-tipped needle barely misses tha ogre.
Firin' (i - inventory. (,) - cycle):
f - a curare-tipped needle (quiv'red)
Press: ? - help, Shift-Dir - straight line, f/p - ogre
Aim: an ogre, wieldin' a giant club (heavily wounded) Ye shoot a curare-tipped needle.
Tha curare-tipped needle barely misses tha ogre.
Tha ogre hits ye wit' a giant club!!
Ouch! Tha re'lly hurt!
Ye die...

#........###.#
##.......##..#
##....>....#
#.........#
#..######..### ###
#.....### #....)..##
#........##
#....@....#
##....O...##
#.........#
##........# ##
#........## ######.
##........####....(.
##...([...(...(####
##......(###......
##..#####........


You could see an ogre.

Vanquished Creatures
  An ice beast (D:3)
  Ijyb (D:3)
  3 worker ants (D:4)
  8 adders
  3 oozes
  4 worms
  3 dart slugs
  4 giant geckos
  6 orcs
  A ball python (D:3)
  8 bats
  5 giant cockroaches
  9 goblins
  11 hobgoblins
  15 jackals
  8 kobolds
  2 giant newts
  5 rats
97 creatures vanquished.

Notes
Turn   | Place    | Note
--------------------------------------------------------------
     0 | D:1      | Heedrag the Kobold Assassin began the quest for the Orb.
     0 | D:1      | Reached XP level 1. HP: 12/12 MP: 1/1
   190 | D:1      | Reached XP level 2. HP: 6/17 MP: 2/2
   555 | D:1      | Reached skill level 6 in Stealth
   555 | D:1      | Reached XP level 3. HP: 14/21 MP: 3/3
  1108 | D:2      | Reached XP level 4. HP: 26/26 MP: 4/4
  1557 | D:2      | Found an opulent altar of Gozag.
  1596 | D:2      | Found an ancient bone altar of Kikubaaqudgha.
  1987 | D:2      | Reached skill level 7 in Stealth
  2167 | D:3      | Reached XP level 5. HP: 9/30 MP: 5/5
  2214 | D:3      | Found a deep blue altar of Sif Muna.
  2240 | D:3      | Noticed an ice beast
  2287 | D:4      | Found a staircase to the Ecumenical Temple.
  2303 | Temple   | Entered the Ecumenical Temple
  2383 | D:4      | Noticed an ogre
  2417 | D:3      | Killed an ice beast
  2417 | D:3      | Reached skill level 5 in Short Blades
  2417 | D:3      | Reached skill level 8 in Stealth
  2417 | D:3      | Reached XP level 6. HP: 35/35 MP: 6/6
  2448 | D:3      | Noticed Heedrag's ghost (novice KoAs)
  2577 | D:3      | Noticed Ijyb
  2630 | D:3      | Killed Ijyb
  3569 | D:4      | Reached skill level 9 in Stealth
  3649 | D:4      | Reached XP level 7. HP: 40/40 MP: 7/7
  3766 | D:4      | Slain by an ogre

Skill      XL: |  1  2  3  4  5  6 |
---------------+-------------------+-----
Short Blades   | 3 4 5 |  5.9
Stealth        | 6 7 8 9 |  9.4
Fighting       | |  2.1
Throwing       | |  2.1
Dodging        | |  1.2

Action                   |  1- 3 |  4- 6 |  7- 9 || total
-------------------------+-------+-------+-------++-------
Melee: Dagger            |   119 |   302 |     8 ||   429
 Fire: Blowgun           |       |       |     6 ||     6
  Use: Potion            |       |     2 |       ||     2
 Stab: Sleeping          |     5 |    15 |     1 ||    21
       Distracted        |     1 |     2 |       ||     3
  Eat: Chunk             |     9 |     8 |     1 ||    18
Armor: Robe              |    19 |    54 |    17 ||    90
Dodge: Dodged            |    71 |   177 |    38 ||   286
